 Dungeon Crawl Stone Soup version 0.28.0-53-g5a82cb258f (webtiles) character file.

Game seed: 2618036987262044950

14984 Infinimo the Basher (level 12, -7/133 HPs)
             Began as an Ogre Gladiator on June 3, 2022.
             Was a High Priest of Okawaru.
             Mangled by a blink frog (10 damage)
             ... on level 2 of the Lair of Beasts.
             The game lasted 00:20:40 (19416 turns).

Infinimo the Basher (Ogre Gladiator)               Turns: 19416, Time: 00:20:41

Health: -7/133     AC:  8    Str: 22 (25) XL:     12   Next: 22%
Magic:  12/12      EV: 12    Int:  7 (9)  God:    Okawaru [*****.]
Gold:   375        SH:  0    Dex:  8 (10) Spells: 11/11 levels left

rFire   . . .      SeeInvis .   v - +0 dire flail
rCold   . . .      Faith    .   (shield currently unavailable)
rNeg    . . .      Spirit   .   w - +2 robe {Will+}
rPois   +          Reflect  .   o - +2 hat
rElec   .          Harm     .   y - +0 cloak
rCorr   +          Rampage  .   (gloves unavailable)
Will    ++...                   (boots unavailable)
Stlth   +.........              (no amulet)
HPRegen 0.32/turn               g - ring of resist corrosion
MPRegen 0.13/turn               d - ring of poison resistance

@: no status effects
A: large, unfitting armour, tough skin 1
a: Renounce Religion, Heroism, Finesse, Duel


You were on level 2 of the Lair of Beasts.
You worshipped Okawaru.
Okawaru was extremely pleased with you.
You visited 3 branches of the dungeon, and saw 13 of its levels.

You collected 675 gold pieces.
You spent 300 gold pieces at shops.

Inventory:

Hand Weapons
 v - a +0 dire flail (weapon)
 x - a +0 giant spiked club
Missiles
 f - 7 javelins
 h - a curare-tipped dart
 j - 27 poisoned darts (quivered)
 k - 4 throwing nets
Armour
 o - a +2 hat (worn)
 w - a +2 robe of willpower (worn)
 y - a +0 cloak (worn)
Jewellery
 d - a ring of poison resistance (right hand)
 g - a ring of resist corrosion (left hand)
 l - a +4 ring of protection
Wands
 n - a wand of acid (12)
 q - a wand of iceblast (30)
 B - a wand of flame (7)
Scrolls
 a - 2 scrolls of enchant weapon
 b - 3 scrolls of identify
 e - 3 scrolls of enchant armour
 m - a scroll of holy word
 u - a scroll of silence
Potions
 i - 7 potions of curing
 p - 3 potions of magic
 r - 2 potions of mutation
 s - 5 potions of attraction
 t - 3 potions of lignification


   Skills:
 + Level 12.9 Fighting
 * Level 13.0 Maces & Flails
 - Level 2.0 Throwing
 + Level 9.5 Dodging


You had 11 spell levels left.
You didn't know any spells.
Your spell library contained the following spells:

 Spells                   Type           Power      Damage    Failure   Level
 Blink                    Tloc           0%         N/A       56%         2
 Sublimation of Blood     Necr           0%         N/A       56%         2
 Petrify                  Tmut/Erth      0%         N/A       99%         4
 Irradiate                Conj/Tmut      0%         3d14      100%        5
 Manifold Assault         Tloc           0%         N/A       100%        5
 Eringya's Noxious Bog    Tmut/Pois      0%         N/A       100%        6
 Storm Form               Tmut/Air       0%         N/A       100%        7
 Summon Forest            Summ/Tloc      Unusable   N/A       N/A         5
 Summon Hydra             Summ           Unusable   N/A       N/A         7

Dungeon Overview and Level Annotations

Branches:
Dungeon (10/15)            Temple (1/1) D:7            Lair (2/6) D:8
  Swamp: Lair:2-4    Shoals: Lair:2-4     Snake: Lair:2-4    Spider: Lair:2-4
    Orc: D:9-12

Altars:
Ashenzari
Cheibriados
Dithmenos
Elyvilon
Fedhas
Gozag
Hepliaklqana
Kikubaaqudgha
Makhleb
Nemelex Xobeh
Okawaru
Qazlal
Ru
Trog
Uskayaw
Vehumet
Xom
Yredelemnul
Zin
The Shining One

Shops:
D:6 =   D:10 [

Annotations:
D:6 2 transporters, kalagan's ghost, amateur DECj


Innate Abilities, Weirdness & Mutations

You are too large for most types of armour.
You have tough skin. (AC +1)


Message History

* * * LOW HITPOINT WARNING * * *
The blink frog blinks!
The blink frog blinks!
You closely miss the blink frog. The blink frog closely misses you.
You miss the blink frog. You hit the blink frog.
The blink frog is lightly wounded.
The blink frog blinks!
The blink frog hits you.
* * * LOW HITPOINT WARNING * * *
The blink frog blinks!
You closely miss the blink frog.
The blink frog is severely wounded.
The blink frog blinks!
The blink frog blinks!
The blink frog hits you.
* * * LOW HITPOINT WARNING * * *
The blink frog blinks!
The blink frog hits you.
* * * LOW HITPOINT WARNING * * *
The blink frog blinks!
The blink frog hits you.
* * * LOW HITPOINT WARNING * * *
As you read the scroll labelled SOGAS UTHEE, it crumbles to dust.
You hear a loud clanging noise!
It was a scroll of noise.
You hear a croak.
You hear an angry hiss.
The blink frog hits you.
* * * LOW HITPOINT WARNING * * *
The blink frog misses you.
The blink frog hits you but does no damage.
It was a potion of cancellation.
You feel magically purged. The blink frog barely misses you.
The blink frog hits you but does no damage.
The blink frog hits you!
* * * LOW HITPOINT WARNING * * *
It was a potion of degeneration.
There was something very wrong with that liquid.
You feel weakened.
You feel dopey.
You feel clumsy. The blink frog hits you!
* * * LOW HITPOINT WARNING * * *
The blink frog blinks!
The blink frog hits you!
You die...

##..#.......#.....##...#
##.........##....P.....#
#######....#.##...PP...#
#######....##.P.......(#
#.#.##.......P........##
......................P#
....................F..#
#.#.#.##..............##
#......#........@.F....#
##..............F§....##
##.....#...P....#..##.#
#..8..#.........##.##§#
†.....##....P).....##.##
.....##....#.......##..#
....##.+...##.........##
8..##.......#.......#F.#
..##...#...P#..##..##.##


You could see 3 blink frogs.

Vanquished Creatures
  Harold (D:8)
  A two-headed ogre (D:9)
  Nergalle (Lair:2)
  A deep elf pyromancer (D:10)
  A black mamba (Lair:1)
  5 cane toads
  A komodo dragon (D:8)
  An unseen horror (D:10)
  A rime drake (Lair:1)
  A hornet (D:8)
  Prince Ribbit (D:5)
  2 blink frogs (Lair:2)
  Sigmund (D:2)
  A wraith (D:8)
  2 wyverns
  A basilisk (Lair:1)
  25 yaks
  Edmund (D:4)
  7 water moccasins
  3 ice beasts
  2 black bears (D:8)
  A sky beast (D:6)
  2 necrophages (D:6)
  6 orc warriors
  An ogre (D:6)
  2 centaurs
  2 kobold brigands (D:8)
  2 gnoll sergeants
  7 bullfrogs
  Blork the orc (D:5)
  2 wyvern zombies
  3 scorpions
  A wyvern skeleton (D:7)
  A water moccasin zombie (D:7)
  4 killer bees (D:6)
  3 water moccasin skeletons
  5 wights
  4 howler monkeys
  A crimson imp (D:4)
  A centaur zombie (D:8)
  2 centaur skeletons (D:6)
  2 hounds (D:5)
  7 orc priests
  A bullfrog skeleton (D:6)
  4 iguanas
  4 orc wizards
  A hound skeleton (D:5)
  16 gnolls
  8 adders
  3 shadow imps
  2 white imps
  3 worms
  29 orcs
  3 ball pythons
  5 endoplasms
  4 giant cockroaches
  6 goblins
  7 hobgoblins
  12 jackals
  14 kobolds
  A quokka (D:2)
  A bat (D:1)
  7 frilled lizards
  5 rats
256 creatures vanquished.

Vanquished Creatures (others)
  A gnoll (D:8)
  11 plants
12 creatures vanquished.

Grand Total: 268 creatures vanquished

Notes
Turn   | Place    | Note
-------+----------+-------------------------------------------
     0 | D:1      | Infinimo the Ogre Gladiator began the quest for the Orb.
     0 | D:1      | Reached XP level 1. HP: 22/22 MP: 1/1
   103 | D:1      | Reached XP level 2. HP: 28/29 MP: 2/2
   185 | D:1      | Reached skill level 3 in Maces & Flails
   539 | D:1      | Reached XP level 3. HP: 31/37 MP: 3/3
  1216 | D:2      | Noticed Sigmund
  1228 | D:2      | Killed Sigmund
  1229 | D:2      | Reached skill level 4 in Maces & Flails
  1229 | D:2      | Reached XP level 4. HP: 26/49 MP: 4/4
  1229 | D:2      | Reached XP level 5. HP: 29/55 MP: 5/5
  1433 | D:2      | Reached XP level 6. HP: 35/63 MP: 6/6
  1974 | D:3      | Found a faded altar of an unknown god.
  2577 | D:4      | Found a burning altar of Makhleb.
  2578 | D:4      | Found a radiant altar of Vehumet.
  2671 | D:4      | Reached skill level 5 in Maces & Flails
  2855 | D:4      | Reached skill level 5 in Fighting
  2956 | D:4      | Found a glowing silver altar of Zin.
  3088 | D:4      | Reached XP level 7. HP: 45/72 MP: 7/7
  3451 | D:5      | Entered Level 5 of the Dungeon
  3558 | D:5      | Found a hide-covered altar of Uskayaw.
  3832 | D:5      | Found a sacrificial altar of Ru.
  3833 | D:5      | Noticed Edmund
  4066 | D:4      | Killed Edmund
  4067 | D:4      | Reached skill level 6 in Maces & Flails
  4530 | D:5      | Noticed Prince Ribbit
  4561 | D:5      | Killed Prince Ribbit
  4562 | D:5      | Reached skill level 5 in Dodging
  4562 | D:5      | Reached XP level 8. HP: 23/84 MP: 8/8
  5113 | D:5      | Noticed Blork the orc
  5123 | D:5      | Killed Blork the orc
  5441 | D:5      | Reached skill level 7 in Maces & Flails
  5888 | D:6      | Found Yrphakh's Jewellery Boutique.
  6085 | D:6      | Bought a ring of poison resistance for 300 gold pieces
  6455 | D:6      | Reached XP level 9. HP: 76/94 MP: 9/9
  6658 | D:6      | Found a transporter.
  6660 | D:6      | Found a shadowy altar of Dithmenos.
  6676 | D:6      | Reached skill level 8 in Maces & Flails
  7602 | D:6      | Noticed kalagan's ghost (amateur DECj)
  7734 | D:6      | Found a transporter.
  7983 | D:7      | Found a bloodstained altar of Trog.
  8769 | D:7      | Reached skill level 9 in Maces & Flails
  9219 | D:7      | Found a staircase to the Ecumenical Temple.
  9559 | D:7      | Found a hazy altar of Hepliaklqana.
  9672 | Temple   | Entered the Ecumenical Temple
  9899 | Temple   | Became a worshipper of Warmaster Okawaru
 10090 | D:8      | Reached XP level 10. HP: 104/107 MP: 10/10
 10121 | D:8      | Found a glowing golden altar of the Shining One.
 10160 | D:8      | Paralysed by a hornet for 3 turns
 10165 | D:8      | Reached * piety under Okawaru
 10533 | D:8      | Reached skill level 10 in Maces & Flails
 10753 | D:8      | Noticed Harold
 10780 | D:8      | Killed Harold
 10780 | D:8      | Reached ** piety under Okawaru
 10781 | D:8      | Reached skill level 10 in Fighting
 11662 | D:8      | Reached *** piety under Okawaru
 11891 | D:8      | Found a staircase to the Lair.
 12317 | D:8      | Reached skill level 11 in Maces & Flails
 13123 | D:9      | Reached XP level 11. HP: 84/120 MP: 11/11
 13136 | D:9      | Received a gift from Okawaru
 13536 | D:9      | Noticed a two-headed ogre
 14618 | D:9      | Reached **** piety under Okawaru
 15104 | D:9      | Killed a two-headed ogre
 15402 | D:9      | Found a snail-covered altar of Cheibriados.
 15435 | D:10     | Entered Level 10 of the Dungeon
 15977 | D:10     | Found Aqeufopt's Armour Shop.
 16034 | D:10     | Noticed a deep elf pyromancer
 16041 | D:10     | Killed a deep elf pyromancer
 16042 | D:10     | Reached skill level 12 in Maces & Flails
 16171 | D:10     | Reached ***** piety under Okawaru
 16525 | D:10     | Noticed a boulder beetle
 16525 | D:10     | Noticed a manticore
 16979 | Lair:1   | Entered Level 1 of the Lair of Beasts
 18298 | Lair:2   | Noticed Nergalle
 18424 | Lair:1   | Received a gift from Okawaru
 18425 | Lair:1   | Reached XP level 12. HP: 95/133 MP: 12/12
 18563 | Lair:2   | Killed Nergalle
 19371 | Lair:2   | Reached skill level 13 in Maces & Flails
 19416 | Lair:2   | HP: 3/133 [blink frog (12)]
 19416 | Lair:2   | Mangled by a blink frog

Illustrated notes

Levels and vault maps discovered:
D:1:      lemuel_arrival_broad_hall, layout_rooms
D:2:      layout_rooms, uniq_sigmund
D:3:      layout_basic, ebering_ecumenical_altar_abandoned
D:4:      layout_rooms, grunt_temple_overflow_lords_of_destruction,
          mainiacjoe_overflow_concentric_impassable
D:5:      layout_loops_ring, amcnicky_altar_gilded,
          mainiacjoe_overflow_24_doors, serial_rivers,
          chequers_serial_rivers_small_b, chequers_serial_rivers_small_a,
          chequers_serial_rivers_micro_e, chequers_serial_rivers_room_b,
          uniq_blork_the_orc, uniq_edmund, uniq_prince_ribbit1
D:6:      layout_gridville, grunt_dithmenos_smoke_and_mirrors,
          gammafunk_ghost_hive, nicolae_stop_n_shop_1
D:7:      layout_layer_cave, lemuel_coloured_pillars_altar, bloody_trog,
          minmay_temple_entry_glass, minmay_door_square
D:8:      layout_basic, overflow_temple_1_default, david_lair_shrubbed,
          nicolae_ossuary_entry_ruins, amcnicky_mini_pool_small,
          minmay_stone_trees_large, hangedman_abyss_or_decor_passed,
          kennysheep_pointless_box, grunt_potential, uniq_harold
D:9:      layout_irregular_city, slow_altar_2, kennysheep_cross_room
D:10:     kennysheep_big_flooded_room, layout_rooms, tgw_sif,
          old_standard_altar, serial_shops, nicolae_shop_hallway_plus,
          serial_curves, eino_curves_03, eino_curves_03,
          onia_ninara_dug_in_and_dangerous
Temple:   jpeg_temple_alley_garden
Lair:1:   layout_chaotic_city, grunt_megastairs_2
Lair:2:   layout_regular_city, serial_bayou_shore_b, infiniplex_staircase_pool,
          grunt_megastairs_3, uniq_nergalle

Skill      XL: |  1  2  3  4  5  6  7  8  9 10 11 12 |
---------------+-------------------------------------+-----
Fighting       | 3 4 5 6 7 9 11 12 | 12.9
Maces & Flails | 3 4 5 6 7 9 11 12 13 | 13.0
Dodging        | 3 4 5 6 8 9 |  9.5
Throwing       | |  2.0

Action                   |  1- 3 |  4- 6 |  7- 9 | 10-12 || total
-------------------------+-------+-------+-------+-------++-------
Melee: Flail             |    75 |   111 |   318 |   207 ||   711
       Punch             |     1 |       |     5 |     7 ||    13
       Dire flail        |       |       |       |   406 ||   406
Throw: Javelin           |     4 |       |     7 |       ||    11
       Dart              |     2 |       |    26 |    11 ||    39
       Throwing net      |     2 |       |     3 |     4 ||     9
  Use: Scroll            |       |     4 |     9 |     4 ||    17
       Potion            |       |       |     2 |     8 ||    10
 Stab: Sleeping          |       |       |     1 |     2 ||     3
       Held in net/web   |       |       |       |     2 ||     2
Armor: Robe              |    12 |    20 |    64 |   142 ||   238
Dodge: Dodged            |    33 |    62 |   185 |   277 ||   557
